 Dungeon Sprint DCSS version 0.29-a0-337-g68df138881 (webtiles) character file.

Game seed: 5829055578657357124

7975 mhtbhm the Fencer (level 11, 0/121 HPs)
             Began as a Minotaur Berserker on Apr 16, 2022.
             Was the Champion of Trog.
             Killed from afar by a lindwurm (38 damage)
             ... with a blast of flame
             ... in the Dungeon (Sprint IX: "|||||||||||||||||||||||||||||").
             The game lasted 00:02:47 (2205 turns).

mhtbhm the Fencer (Minotaur Berserker)              Turns: 2205, Time: 00:02:47

Health: 0/121      AC: 11    Str: 26    XL:     11   Next: 3%
Magic:  10/10      EV: 16    Int:  7    God:    Trog [******]
Gold:   4          SH:  0    Dex: 13    Spells: 10/10 levels left

rFire   . . .      SeeInvis .   r - +4 long sword (vorpal)
rCold   + . .      Faith    .   (no shield)
rNeg    . . .      Spirit   .   b - +1 ring mail {rC+}
rPois   .          Reflect  .   (helmet restricted)
rElec   .          Harm     .   l - +0 cloak
rCorr   .          Rampage  .   (no gloves)
Will    .....      NoTele   +   k - +0 pair of boots
Stlth   ++........              (no amulet)
HPRegen 0.30/turn               m - +3 ring of intelligence
MPRegen 0.12/turn               n - +3 ring of dexterity

@: on berserk cooldown, slowed, very slow
A: horns 2, retaliatory headbutt
a: Renounce Religion, Berserk, Trog's Hand, Brothers in Arms


You were in the Dungeon.
You worshipped Trog.
Trog was exalted by your worship.
You visited 1 branch You collected 4 gold pieces.

Inventory:

Hand Weapons
 a - a +2 scimitar of holy wrath
 r - a +4 vorpal long sword (weapon)
Armour
 b - a +1 ring mail of cold resistance (worn)
 k - a +0 pair of boots (worn)
 l - a +0 cloak (worn)
Jewellery
 m - a +3 ring of intelligence (left hand)
 n - a +3 ring of dexterity (right hand)
Wands
 j - a wand of iceblast (10)
Scrolls
 h - 4 scrolls of blinking
 o - a scroll of identify
 p - 2 scrolls of enchant weapon
 q - 2 scrolls of fear
Potions
 c - 5 potions of curing
 d - 7 potions of heal wounds
 e - 3 potions of haste
 f - 4 potions of magic
 g - 2 potions of berserk rage
 i - a potion of invisibility


   Skills:
 + Level 18.5 Fighting
 - Level 2.3(11.7) Short Blades
 + Level 18.9(19.0) Long Blades
 + Level 11.7 Armour
 + Level 12.1 Dodging
 + Level 4.2 Stealth


You had 10 spell levels left.
You didn't know any spells.
Your spell library was empty.

Dungeon Overview and Level Annotations

Branches:
Dungeon (1/1)

Altars:
Cheibriados
Dithmenos
Elyvilon
Fedhas
Gozag
Hepliaklqana
Kikubaaqudgha
Makhleb
Nemelex Xobeh
Okawaru
Qazlal
Ru
Sif Muna
Trog
Uskayaw
Vehumet
Wu Jian
Xom
Yredelemnul
Zin
The Shining One
Beogh
Jiyva
Lugonu


Innate Abilities, Weirdness & Mutations

You have a pair of horns on your head.
You reflexively headbutt those who attack you in melee.


Message History

You are no longer berserk.
You are exhausted.
You feel yourself slow down.
Things that are here:
a worm corpse; a tyrant leech corpse You slash the worm!
You headbutt the worm.
You kill the worm!
Trog accepts your kill. Trog grants you a weapon!
Something appears at your feet!
You see here a +2 great sword.
The lindwurm breathes flames at you. The blast of flame hits you!!
Found 15 gold pieces.
The lindwurm bites you! The lindwurm barely misses you.
The lindwurm claws you but does no damage.
You see here a worm corpse.
Unknown command.
You hit the lindwurm. Your headbutt misses the lindwurm.
The lindwurm is lightly wounded.
The lindwurm breathes flames at you. The blast of flame hits you!!
* * * LOW HITPOINT WARNING * * *
You hit the lindwurm.
The lindwurm is lightly wounded.
The lindwurm bites you!
* * * LOW HITPOINT WARNING * * *
The lindwurm claws you.
* * * LOW HITPOINT WARNING * * *
The lindwurm claws you but does no damage.
Unknown command.
You hit the lindwurm. You headbutt the lindwurm.
The lindwurm is moderately wounded.
The lindwurm bites you.
* * * LOW HITPOINT WARNING * * *
The lindwurm misses you. The lindwurm claws you!
* * * LOW HITPOINT WARNING * * *
Unknown command.
You feel much better. The lindwurm breathes flames at you.
The blast of flame hits you!!!
You die...

▓▓▓▓▓▓▓▓▓▓▓▓▓▓▓▓▓▓▓▓▓▓▓▓
$$....k@)†'.........'÷..
▓▓▓▓▓▓▓▓▓▓▓▓▓▓▓▓▓▓▓▓▓▓▓▓▓▓▓▓▓▓▓▓▓
.................................
▓▓▓▓▓▓▓▓▓▓▓▓▓▓▓▓▓▓▓▓▓▓▓▓▓▓▓▓▓▓▓▓▓
.))....[)'...[..)?.'_____________
▓▓▓▓▓▓▓▓▓▓▓▓▓▓▓▓▓▓▓▓▓▓▓▓▓▓▓▓▓▓▓▓▓


You could see a lindwurm (catching breath).

Vanquished Creatures
  A hydra (D)
  A catoblepas (D)
  A centaur warrior (D)
  A two-headed ogre (D)
  A death yak (D)
  A lindwurm (D)
  A manticore (D)
  An elephant (D)
  2 cane toads (D)
  An unseen horror (D)
  A troll (D)
  4 tyrant leeches (D)
  A polar bear (D)
  A wyvern (D)
  A yak (D)
  2 basilisks (D)
  5 water moccasins (D)
  2 orc warriors (D)
  A black bear (D)
  A wolf (D)
  2 bullfrogs (D)
  2 scorpions (D)
  A gnoll sergeant (D)
  A wight (D)
  A hound (D)
  An orc wizard (D)
  An adder (D)
  3 worms (D)
  3 bats (D)
  2 kobolds (D)
47 creatures vanquished.

Notes
Turn   | Place    | Note
-------+----------+-------------------------------------------
     0 | D        | mhtbhm the Minotaur Berserker began the quest for the Orb.
     0 | D        | Reached XP level 1. HP: 19/19 MP: 0/0
    17 | D        | Reached ** piety under Trog
   261 | D        | Noticed a scorpion
   261 | D        | Noticed a hound
   261 | D        | Noticed a scorpion
   266 | D        | Reached XP level 2. HP: 28/28 MP: 1/1
   273 | D        | Reached skill level 5 in Fighting
   273 | D        | Reached skill level 5 in Long Blades
   276 | D        | Killed a scorpion
   276 | D        | Reached *** piety under Trog
   277 | D        | Reached XP level 3. HP: 38/38 MP: 2/2
   277 | D        | Reached XP level 4. HP: 45/45 MP: 3/3
   285 | D        | Killed a scorpion
   286 | D        | Reached XP level 5. HP: 39/53 MP: 4/4
   292 | D        | Found a snail-covered altar of Cheibriados.
   292 | D        | Found a shadowy altar of Dithmenos.
   292 | D        | Found a white marble altar of Elyvilon.
   292 | D        | Found a blossoming altar of Fedhas.
   292 | D        | Found an opulent altar of Gozag.
   293 | D        | Found a hazy altar of Hepliaklqana.
   294 | D        | Found a viscous altar of Jiyva.
   295 | D        | Found an ancient bone altar of Kikubaaqudgha.
   296 | D        | Found a corrupted altar of Lugonu.
   297 | D        | Found a burning altar of Makhleb.
   298 | D        | Found a sparkling altar of Nemelex Xobeh.
   299 | D        | Found an iron altar of Okawaru.
   300 | D        | Found a stormy altar of Qazlal.
   301 | D        | Found a sacrificial altar of Ru.
   302 | D        | Found a shimmering blue altar of Sif Muna.
   303 | D        | Found a bloodstained altar of Trog.
   304 | D        | Found a hide-covered altar of Uskayaw.
   305 | D        | Found a radiant altar of Vehumet.
   306 | D        | Found an ornate altar of the Wu Jian Council.
   307 | D        | Found a shimmering altar of Xom.
   308 | D        | Found a basalt altar of Yredelemnul.
   309 | D        | Found a glowing silver altar of Zin.
   310 | D        | Found a glowing golden altar of the Shining One.
   497 | D        | Noticed a wyvern
   497 | D        | Noticed an orc warrior
   497 | D        | Noticed an orc warrior
   497 | D        | Noticed a two-headed ogre
   500 | D        | Killed a two-headed ogre
   501 | D        | Reached skill level 1 in Stealth
   501 | D        | Reached XP level 6. HP: 54/70 MP: 5/5
   501 | D        | Reached XP level 7. HP: 58/75 MP: 6/6
   503 | D        | Reached **** piety under Trog
   517 | D        | Reached XP level 8. HP: 47/85 MP: 7/7
   520 | D        | Reached ***** piety under Trog
   753 | D        | Noticed a manticore
   753 | D        | Noticed a five-headed hydra
   753 | D        | Noticed a centaur warrior
   753 | D        | Noticed a troll
   757 | D        | Killed a troll
   761 | D        | Killed a centaur warrior
   762 | D        | Reached skill level 15 in Long Blades
   762 | D        | Reached XP level 9. HP: 95/95 MP: 8/8
   763 | D        | Received a gift from Trog
   784 | D        | Killed an unseen horror
  1063 | D        | Killed a five-headed hydra
  1064 | D        | Reached skill level 15 in Fighting
  1064 | D        | Reached skill level 1 in Short Blades
  1105 | D        | Killed a manticore
  1547 | D        | Noticed a cane toad
  1548 | D        | Noticed a cane toad
  1553 | D        | Killed a cane toad
  1554 | D        | Reached skill level 10 in Dodging
  1556 | D        | Noticed a polar bear
  1563 | D        | Reached skill level 10 in Armour
  1563 | D        | Reached XP level 10. HP: 107/107 MP: 9/9
  1566 | D        | Killed a cane toad
  1575 | D        | Reached ****** piety under Trog
  1739 | D        | Noticed an elephant
  1745 | D        | Noticed a catoblepas
  1747 | D        | Noticed a death yak
  1755 | D        | Killed an elephant
  1831 | D        | Killed a catoblepas
  1832 | D        | Received a gift from Trog
  1849 | D        | Killed a death yak
  2173 | D        | Noticed a lindwurm
  2177 | D        | Killed a lindwurm
  2193 | D        | Reached XP level 11. HP: 121/121 MP: 10/10
  2193 | D        | Noticed a lindwurm
  2200 | D        | Received a gift from Trog
  2205 | D        | Killed from afar by a lindwurm

Illustrated notes

Levels and vault maps discovered:
D:        linesprint [early_d, line_temple, items_1, d_10, items_2, lair_1,
          lair_end, items_3, orc_1, orc_end, items_4, d_15, swamp_1, shoals_1,
          snake_1, spider_1, d_20, vaults_1, items_5, swamp_end, shoals_end,
          snake_end, spider_end, vaults_end, d_27, items_6, zot_1, zot_end,
          crypt_end, forest_end, elf_end, slime_end, tomb_end, abyss_end,
          pan_hell_end]

Skill      XL: |  1  2  3  4  5  6  7  8  9 10 |
---------------+-------------------------------+-----
Fighting       | 4 6 8 11 12 14 15 18 | 18.5
Long Blades    | 4 7 8 12 13 15 17 18 | 18.9
Armour         | 4 6 7 8 10 11 | 11.7
Dodging        | 3 4 7 8 10 12 | 12.1
Stealth        | 1 2 3 4 |  4.2
Short Blades   | 2 |  2.3

Action                   |  1- 3 |  4- 6 |  7- 9 | 10-12 || total
-------------------------+-------+-------+-------+-------++-------
Melee: Falchion          |    31 |     9 |       |       ||    40
       Headbutt          |     1 |     4 |    10 |    28 ||    43
       Scimitar          |       |     2 |    60 |    60 ||   122
       Rapier            |       |       |     5 |       ||     5
       Punch             |       |       |     1 |     1 ||     2
       Long sword        |       |       |       |    26 ||    26
Invok: Berserk           |     2 |     1 |     4 |     3 ||    10
  Use: Potion            |       |       |     1 |     1 ||     2
       Scroll            |       |       |     1 |       ||     1
Armor: Animal skin       |     2 |     1 |       |       ||     3
       Scale mail        |       |       |     1 |       ||     1
       Ring mail         |       |       |    27 |    17 ||    44
Dodge: Dodged            |    14 |    10 |    27 |    42 ||    93

Table legend: (Time is in decaauts)
 A = Elapsed time spent in this place.
 B = Non-inter-level travel time spent in this place.
 C = Inter-level travel time spent in this place.
 D = Time resting spent in this place.
 E = Time spent auto-exploring this place.
 F = Levels seen in this place.
 G = Mean time per level.
                   A        B        C        D        E       F      G
               +--------+--------+--------+--------+--------+-----+--------+
         Total |   2222 |   2222 |      0 |   1642 |    104 |   1 | 2222.0 |
       Dungeon |   2222 |   2222 |      0 |   1642 |    104 |   1 | 2222.0 |
               +--------+--------+--------+--------+--------+-----+--------+

Top non-repeatable levels by time:
       D: 2222 daAuts
